 Dungeon Crawl Stone Soup version 0.22-a0-612-gd2f0174 (webtiles) character file.

182665 Torious the Eclecticist (level 17, -23/96 HPs)
             Began as a Deep Elf Conjurer on July 9, 2018.
             Was a High Priest of Sif Muna.
             Annihilated by a lajatang of holy wrath (30 damage)
             ... on level 2 of the Elven Halls on July 11, 2018.
             The game lasted 04:08:26 (27335 turns).

Torious the Eclecticist (Deep Elf Conjurer)        Turns: 27335, Time: 04:08:27

Health: -23/96     AC: 10    Str:  3    XL:     17   Next: 7%
Magic:  65/65      EV: 23    Int: 35    God:    Sif Muna [*****.]
Gold:   1248       SH: 10    Dex: 15    Spells: 1/52 levels left

rFire    + + .     SeeInvis +   p - staff of power {!a}
rCold    + . .     Gourm    .   i - +2 buckler
rNeg     . . .     Faith    .   j - +2 robe {rC+ rF+}
rPois    +         Spirit   .   m - +1 helmet {SInv}
rElec    .         Reflect  +   h - scarf {repulsion}
rCorr    +         Harm     .   P - +3 pair of gloves "Amaxaoq" {rPois rCorr MP+9 Str-2}
MR       +....                  (no boots)
Stlth    +++.......             K - +3 amulet of reflection
HPRegen  1.26/turn              b - ring "Zyezedup" {rF+ Int+7}
MPRegen  0.39/turn              C - +3 ring of evasion

@: regenerating, repel missiles
A: no striking features
}: 2/15 runes: decaying, gossamer
a: Divine Energy, Channel Magic, Forget Spell, Renounce Religion


You were on level 2 of the Elven Halls.
You worshipped Sif Muna.
Sif Muna was extremely pleased with you.
You were hungry.

You visited 6 branches of the dungeon, and saw 33 of its levels.
You also visited: Sewer and Volcano.

You collected 3118 gold pieces.
You spent 1870 gold pieces at shops.

Inventory:

Armour
 h - a scarf of repulsion (worn)
 i - a +2 buckler (worn)
 j - a +2 robe of resistance (worn)
 m - a +1 helmet of see invisible (worn)
 P - the +3 pair of gloves "Amaxaoq" (worn) {rPois rCorr MP+9 Str-2}
   (You found it on level 8 of the Dungeon)

   It affects your strength (-2).
   It protects you from poison.
   It affects your magic capacity (+9).
   It provides partial protection from all sources of acid and corrosion.
Magical Staves
 e - an uncursed staff of energy {!a}
 f - an uncursed staff of fire {!a}
 p - an uncursed staff of power (weapon) {!a}
 w - an uncursed staff of wizardry {!a}
 U - an uncursed staff of death
Jewellery
 b - the ring "Zyezedup" (left hand) {rF+ Int+7}
   (You bought it in a shop on level 1 of the Orcish Mines)

   [ring of protection from fire]

   It affects your intelligence (+7).
   It protects you from fire.
 C - a +3 ring of evasion (right hand)
 K - a +3 amulet of reflection (around neck)
 M - an uncursed ring of protection from cold
 S - an uncursed amulet of the gourmand
Wands
 a - a wand of acid (25)
 g - a wand of scattershot (9)
 I - a wand of digging (8)
Scrolls
 t - 2 scrolls of fear
 u - 8 scrolls of identify
 x - 10 scrolls of teleportation
 y - 4 scrolls of enchant armour
 B - 11 scrolls of magic mapping
 G - 3 scrolls of fog
 L - 8 scrolls of remove curse
Potions
 l - 16 potions of curing
 o - 7 potions of heal wounds
 q - 6 potions of magic
 r - 7 potions of haste
 v - 5 potions of flight
 z - 5 potions of mutation
 A - a potion of agility
 H - 7 potions of brilliance
 Q - 8 potions of ambrosia
 V - 2 potions of resistance
Comestibles
 c - 57 rations


   Skills:
 + Level 7.6 Fighting
 - Level 11.0 Dodging
 - Level 6.1 Stealth
 - Level 4.0 Shields
 - Level 18.0 Spellcasting
 - Level 14.2 Conjurations
 - Level 7.2 Charms
 * Level 10.7 Summonings
 + Level 8.8 Necromancy
 - Level 4.0 Translocations
   Level 9.5 Fire Magic
   Level 5.0 Ice Magic
 - Level 4.0 Earth Magic
 - Level 6.1 Invocations
 + Level 11.2 Evocations


You had one spell level left.
You knew the following spells:

 Your Spells              Type           Power        Failure   Level  Hunger
a - Monstrous Menagerie   Summ           #######...   11%         7    ###....
b - Shadow Creatures      Summ           N/A          1%          6    None
c - Force Lance           Conj/Tloc      #######.     1%          4    None
e - Summon Demon          Summ           #######...   1%          5    None
f - Borgnjor's Vile Clut  Necr/Erth      ######....   2%          5    None
h - Orb of Destruction    Conj           #######...   2%          7    ###....
o - Blink                 Tloc           N/A          1%          2    None
q - Sublimation of Blood  Necr           #######...   1%          2    None
r - Regeneration          Chrm/Necr      ######....   1%          3    None
u - Aura of Abjuration    Summ           #######...   1%          5    None
w - Summon Forest         Summ/Tloc      ######....   1%          5    None

Your spell library contained the following spells:

 Spells                   Type           Power        Failure   Level  Hunger
 Magic Dart               Conj           ####         0%          1    None
 Fireball                 Conj/Fire      #######...   1%          5    None
 Apportation              Tloc           ######       1%          1    None
 Conjure Flame            Conj/Fire      #######.     1%          3    None
 Bolt of Fire             Conj/Fire      #######...   1%          6    None
 Bolt of Cold             Conj/Ice       #######...   3%          6    None
 Slow                     Hex            ####....     1%          2    None
 Confuse                  Hex            ####....     3%          3    None
 Invisibility             Hex            ####....     86%         6    None
 Throw Flame              Conj/Fire      ######       0%          2    None
 Throw Frost              Conj/Ice       ######       1%          2    None
 Mephitic Cloud           Conj/Pois/Air  ######..     1%          3    None
 Venom Bolt               Conj/Pois      ######....   1%          5    None
 Summon Small Mammal      Summ           ####         0%          1    None
 Bolt of Draining         Conj/Necr      #######...   1%          5    None
 Iskenderun's Mystic Bla  Conj           #######.     1%          4    None
 Summon Horrible Things   Summ           #######...   65%         8    #####..
 Animate Skeleton         Necr           N/A          1%          1    None
 Haunt                    Necr/Summ      #######...   17%         7    ###....
 Freeze                   Ice            ####         1%          1    None
 Summon Ice Beast         Ice/Summ       ######..     1%          4    None
 Call Imp                 Summ           #######.     1%          2    None
 Dispel Undead            Necr           #######.     1%          5    None
 Sting                    Conj/Pois      ####         1%          1    None
 Tukima's Dance           Hex            ####....     3%          3    None
 Summon Greater Demon     Summ           #######...   11%         7    ###....
 Corpse Rot               Necr           N/A          1%          2    None
 Iron Shot                Conj/Erth      #######...   4%          6    None
 Stone Arrow              Conj/Erth      ######       1%          3    None
 Recall                   Summ/Tloc      N/A          1%          3    None
 Agony                    Necr           #######.     1%          5    None
 Spider Form              Tmut/Pois      ####......   3%          3    None
 Blade Hands              Tmut           ####......   30%         5    None
 Ice Form                 Ice/Tmut       #####...     3%          4    None
 Dragon Form              Tmut           ####......   100%        7    ###....
 Deflect Missiles         Chrm/Air       ######....   36%         6    None
 Throw Icicle             Conj/Ice       #######.     1%          4    None
 Confusing Touch          Hex            ####..       1%          1    None
 Flame Tongue             Conj/Fire      #####        0%          1    None
 Passwall                 Tmut/Erth      #####...     1%          2    None
 Ignite Poison            Fire/Tmut/Pois ######..     1%          3    None
 Sticks to Snakes         Tmut           ####....     1%          2    None
 Call Canine Familiar     Summ           #######.     1%          3    None
 Ensorcelled Hibernation  Hex/Ice        #####.       1%          2    None
 Metabolic Englaciation   Hex/Ice        #####.....   11%         5    None
 Summon Butterflies       Summ           #######.     0%          1    None
 Silence                  Hex/Air        ####......   30%         5    None
 Corona                   Hex            ####...      1%          1    None
 Alistair's Intoxication  Tmut/Pois      ####....     30%         5    None
 Lee's Rapid Deconstruct  Erth           ######....   6%          5    None
 Sandblast                Erth           ######       1%          1    None
 Chain Lightning          Conj/Air       ######....   98%         8    #####..
 Excruciating Wounds      Chrm/Necr      ######....   1%          5    None
 Petrify                  Tmut/Erth      #####...     4%          4    None
 Shroud of Golubria       Chrm/Tloc      ######....   1%          2    None
 Inner Flame              Hex/Fire       ######..     1%          3    None
 Beastly Appendage        Tmut           ####..       1%          1    None
 Fulminant Prism          Conj/Hex       ######....   1%          4    None
 Dazzling Spray           Conj/Hex       ######       1%          3    None
 Infusion                 Chrm           ####         1%          1    None
 Song of Slaying          Chrm           ######..     1%          2    None
 Spectral Weapon          Hex/Chrm       ######..     1%          3    None
 Searing Ray              Conj           ######       0%          2    None
 Discord                  Hex            ####......   100%        8    #####..
 Summon Lightning Spire   Summ/Air       ######..     1%          4    None
 Summon Guardian Golem    Hex/Summ       ######..     1%          3    None
 Summon Mana Viper        Hex/Summ       ######..     3%          5    None
 Irradiate                Conj/Tmut      ######....   1%          5    None
 Gell's Gravitas          Tloc           ######....   1%          3    None
 Yara's Violent Unravell  Hex/Tmut       ####......   30%         5    None
 Lesser Beckoning         Tloc           ######....   1%          3    None


Dungeon Overview and Level Annotations

Branches:
Dungeon (15/15)            Temple (0/1) D:6            Lair (6/6) D:8
  Swamp (4/4) Lair:3       Spider (4/4) Lair:2        Slime (0/5) Lair:6
    Orc (2/2) D:9             Elf (2/3) Orc:2        Vaults (0/5) D:14
 Depths (0/5) D:15

Altars:
Ashenzari
Elyvilon
Fedhas
Gozag
Hepliaklqana
Kikubaaqudgha
Makhleb
Nemelex Xobeh
Okawaru
Qazlal
Ru
Sif Muna
Wu Jian
Xom
The Shining One
Beogh

Shops:
D:10 [}?%!   D:12 }   Orc:1 =   Orc:2 %?(   Elf:1 *:(?(

Annotations:
D:6 1 runed door, junkhipster's ghost, amateur FoFi
D:15 !artifact
Lair:2 stuff


Message History

The battleaxe of freezing freezes your ynoxinul.
Your ynoxinul dies!
Your ufetubus disappears in a puff of smoke! x3
The lajatang of holy wrath hits you!
Your soul eater hits the battleaxe of freezing!
Unknown command.
Casting: Sublimation of Blood (safe; 1% risk of failure)
Confirm with . or Enter, or press ? or * to list all spells.
You draw magical energy from your own body!
The lajatang of holy wrath is hit by a branch!
The deep elf knight is hit by a branch!
The deep elf knight dies!
Sif Muna accepts your kill.
A tree reaches out and hits the deep elf mage!
The deep elf mage dies!
Sif Muna accepts your kill.
Your deep elf mage casts a spell.
The battleaxe of freezing hits your soul eater but does no damage. x2
The lajatang of holy wrath hits you!!
You die...

## ♣# #♣♣♣ ##### ### #.#
##.####..♣♣ ♣...# ##..
...#♣...♣#.♣..#♣.....##...
.........♣.)......#.......
...............#####...).
..♣.H...........#.).♣...
##...@.#)............#
♣#..(#♣♣3...♣...♣..##
♣R..♣♣ ♣♣♣♣'''''♣###
♣)e..# #♣...♣♣ ..33§.Y.#
####...♣### # ....(......#
#≈≈≈...≈≈≈# # ..........##
#≈.......≈# #
........)#♣###≈......♣≈###
.........♣ #......#......#


You could see 2 dancing weapons, 2 friendly soul eaters, a friendly dryad
(wandering), a friendly manticore (wandering), a friendly deep elf mage and a
friendly ice beast.

Vanquished Creatures
  Rupert (D:15)
  A ghost moth (Spider:4)
  The ghost of Plog the Severer, a journeyman MiBe of Trog (Lair:3)
  2 spark wasps (Spider:4)
  Snorg (Lair:6)
  7 hydras
  A catoblepas (Lair:6)
  2 alligators (Swamp:1)
  A death knight (D:13)
  8 two-headed ogres
  Erica (D:10)
  The ghost of Hebeh the Thaumaturge, a novice DEFE (D:9)
  A deep elf knight (Elf:1)
  A sun demon (Volcano)
  A shadow wraith (D:14)
  An unseen horror (D:11)
  A wizard (D:15)
  An obsidian statue (D:11)
  A swamp dragon (Swamp:3)
  A lindwurm (D:14)
  A deep elf mage (D:15)
  3 ugly things
  2 orc sorcerers
  2 cyclopes
  A wolf spider (Spider:2)
  A centaur zombie (D:14)
  A manticore (D:11)
  Joseph (D:10)
  Psyche (D:8)
  4 black mambas
  A gargoyle (D:11)
  4 spiny frogs
  A rime drake (Lair:6)
  An efreet (D:11)
  A demonic crawler (Spider:2)
  2 komodo dragons
  A polar bear (Lair:6)
  A queen bee (Lair:3)
  6 jumping spiders
  A tyrant leech (Swamp:4)
  2 red devils (Volcano)
  3 trolls
  4 blink frogs (Lair:4)
  A hornet (Spider:4)
  A slime creature (D:13)
  A meliai zombie (D:12)
  5 hippogriffs
  Sigmund (D:5)
  8 redbacks
  A spriggan (D:8)
  12 yaks
  Grum (D:11)
  6 fire bats (Volcano)
  4 basilisks
  4 wyverns
  3 hungry ghosts
  Menkaure (D:5)
  Edmund (D:5)
  3 wargs
  An acid dragon (D:8)
  Duvessa (D:4)
  7 water moccasins
  A hell hound (Orc:2)
  5 porcupines
  9 orc warriors
  2 ice beasts
  3 sky beasts
  A necrophage (D:9)
  4 ogres
  2 phantoms
  10 centaurs
  10 crocodiles
  7 wolves
  A big kobold (D:10)
  16 bullfrogs
  Dowan (D:4)
  A water moccasin zombie (D:8)
  7 scorpions
  41 killer bees
  A wight (D:15)
  An electric eel (Spider:2)
  4 jellies
  5 crimson imps
  A quasit (D:6)
  A bullfrog zombie (D:6)
  6 lava snakes (Volcano)
  2 bullfrog skeletons
  23 orc priests
  3 centaur skeletons
  4 hounds
  18 orc wizards
  5 iguanas
  5 worker ants
  A hound zombie (D:5)
  A hound skeleton (D:8)
  2 worker ant zombies
  A howler monkey zombie (D:11)
  3 gnolls (D:10)
  3 river rats
  10 adders
  3 shadow imps
  2 oozes (D:3)
  2 adder zombies
  3 worms (D:2)
  3 dart slugs
  7 leopard geckos
  67 orcs
  3 bat zombies (D:2)
  6 giant cockroaches
  4 goblins
  A hobgoblin (D:2)
  6 jackals
  7 quokkas
  7 ball pythons
  4 bats
  12 frilled lizards
  A giant cockroach zombie (D:5)
  10 kobolds
  A quokka skeleton (D:5)
  9 rats
  A rat zombie (D:2)
  2 plants (Lair:3)
524 creatures vanquished.

Vanquished Creatures (collateral kills)
  Mara (Spider:4)
  the Lernaean hydra (Swamp:4)
  Saint Roka (Orc:2)
  Nikola (Spider:4)
  Arachne (Spider:2)
  Asterion (Spider:2)
  Gastronok (D:11)
  Kirke (Lair:5)
  2 thorn hunters
  Frances (Swamp:1)
  Donald (Spider:4)
  4 ghost moths (Spider:4)
  A deep elf sorcerer (Elf:1)
  Louise (Swamp:2)
  3 emperor scorpions
  2 entropy weavers
  Azrael (Orc:2)
  2 spark wasps (Spider:4)
  A deep elf death mage (Elf:2)
  A fire dragon (Lair:6)
  Fannar (D:12)
  Josephine (Lair:6)
  Erolcha (D:12)
  A vault guard (D:14)
  3 ghost crabs
  21 hydras
  A catoblepas (D:13)
  A centaur warrior (D:14)
  12 alligators
  14 dancing weapons
  2 two-headed ogres
  Urug (D:12)
  5 deep elf knights (Elf:2)
  5 orc high priests (Orc:2)
  Sonja (D:12)
  A skeletal warrior (D:13)
  A fire crab (shapeshifter) (D:14)
  2 spriggan druids
  10 swamp dragons
  A deep elf archer (Elf:2)
  A necromancer (D:15)
  4 orc knights (Orc:2)
  26 wolf spiders
  23 orb spiders
  3 cyclopes
  15 deep elf magi
  An ugly thing (D:11)
  2 moths of wrath
  A manticore (D:11)
  A torpor snail (Spider:3)
  2 black mambas (Lair:6)
  A centaur zombie (D:12)
  9 spiny frogs
  2 centaur skeletons
  16 demonic crawlers
  3 rime drakes (Lair:6)
  2 freezing wraiths (D:13)
  2 komodo dragons (Lair:6)
  29 jumping spiders
  9 polar bears (Lair:6)
  7 tyrant leeches
  5 trolls
  A harpy skeleton (D:15)
  13 hornets
  12 bog bodies
  4 raiju (Lair:6)
  10 blink frogs
  27 slime creatures
  2 shadows
  23 tarantellas
  A centaur simulacrum (D:15)
  A redback (shapeshifter) (D:14)
  46 redbacks
  7 spriggans
  6 wraiths
  A wyvern (D:15)
  4 hogs (Lair:5)
  3 water elementals (D:15)
  20 yaks
  5 fire elementals
  A basilisk (Lair:6)
  6 wargs
  6 insubstantial wisps (Swamp:3)
  13 swamp worms
  18 vampire mosquitoes
  A soldier ant (D:13)
  5 acid dragons
  4 water moccasins (Lair:6)
  14 hell hounds
  19 swamp drakes
  11 black bears (Lair:6)
  An ice beast (D:14)
  An eye of draining (D:13)
  29 orc warriors
  13 wolves (Lair:6)
  5 ogres
  3 crocodiles (Lair:6)
  A bullfrog (D:13)
  An earth elemental (Elf:1)
  A wyvern skeleton (D:11)
  3 wights (D:15)
  3 howler monkeys (D:13)
  An electric eel (Spider:2)
  2 crimson imps
  A bullfrog zombie (D:12)
  A quasit (D:14)
  10 jellies
  15 orc priests
  A hound (D:12)
  An iguana (D:12)
  9 orc wizards
  A worker ant (D:13)
  A shadow imp (D:13)
  2 oozes (Lair:6)
  27 orcs
  6 briar patches (Swamp:4)
  A bush (Lair:5)
  4 fungi
  26 plants
731 creatures vanquished.

Vanquished Creatures (others)
  A hydra (Swamp:1)
  2 orc knights (Orc:2)
  An ugly thing (D:11)
  A spiny frog (Swamp:4)
  A yak (Lair:6)
  A human (D:3)
  An orc (Orc:2)
  A bush (Swamp:4)
  169 fulminant prisms
  15 fungi
  23 plants
  19 snaplasher vines
235 creatures vanquished.

Grand Total: 1490 creatures vanquished

Notes
Turn   | Place    | Note
-------+----------+-------------------------------------------
     0 | D:1      | Torious the Deep Elf Conjurer began the quest for the Orb.
     0 | D:1      | Reached XP level 1. HP: 10/10 MP: 6/6
   717 | D:2      | Reached XP level 2. HP: 15/15 MP: 0/8
   721 | D:2      | Learned a level 2 spell: Searing Ray
   857 | D:2      | Reached skill level 5 in Conjurations
   906 | D:2      | Reached XP level 3. HP: 19/19 MP: 1/10
  1222 | D:2      | Found an ancient bone altar of Kikubaaqudgha.
  1281 | D:2      | Reached skill level 4 in Spellcasting
  1286 | D:2      | Found an opulent altar of Gozag.
  1448 | D:3      | Found a stormy altar of Qazlal.
  1608 | D:3      | Reached XP level 4. HP: 24/24 MP: 1/12
  1618 | D:3      | Learned a level 4 spell: Force Lance
  1623 | D:3      | Learned a level 4 spell: Fulminant Prism
  1859 | D:3      | Reached skill level 1 in Translocations
  2002 | D:3      | Reached XP level 5. HP: 26/28 MP: 5/13
  2532 | D:3      | Found an ancient bone altar of Kikubaaqudgha.
  2532 | D:3      | Noticed a human
  2535 | D:3      | Killed a human
  2683 | D:4      | Noticed a phantom
  2693 | D:4      | Killed a phantom
  2693 | D:4      | Reached XP level 6. HP: 28/32 MP: 3/14
  2723 | D:4      | Noticed Duvessa
  2913 | D:4      | Reached skill level 5 in Spellcasting
  3244 | D:4      | Reached XP level 7. HP: 36/36 MP: 5/17
  3513 | D:4      | Learned a level 2 spell: Blink
  3517 | D:4      | Learned a level 3 spell: Mephitic Cloud
  3518 | D:5      | Entered Level 5 of the Dungeon
  3569 | D:5      | Found a deep blue altar of Sif Muna.
  3571 | D:5      | Found a shattered altar of Ashenzari.
  3577 | D:5      | Became a worshipper of Sif Muna the Loreminder
  3706 | D:5      | Reached skill level 5 in Stealth
  3794 | D:5      | Reached skill level 6 in Spellcasting
  3917 | D:5      | Found a glowing drain.
  3921 | Sewer    | Entered a sewer
  4377 | D:5      | Reached skill level 5 in Dodging
  4443 | D:5      | Noticed Edmund
  4447 | D:5      | Noticed Sigmund
  4525 | D:4      | Noticed Dowan
  4576 | D:4      | Killed Duvessa
  4576 | D:4      | Reached XP level 8. HP: 39/41 MP: 1/19
  4643 | D:4      | Killed Dowan
  4751 | D:5      | Killed Sigmund
  4751 | D:5      | Reached * piety under Sif Muna
  4766 | D:5      | Reached skill level 7 in Spellcasting
  4766 | D:5      | Killed Edmund
  4821 | D:5      | Noticed Menkaure
  4850 | D:5      | Killed Menkaure
  4978 | D:5      | Learned a level 3 spell: Conjure Flame
  5131 | D:6      | Reached skill level 1 in Fire Magic
  5131 | D:6      | Reached skill level 1 in Invocations
  5131 | D:6      | Reached XP level 9. HP: 38/45 MP: 2/22
  5169 | D:7      | Found a glowing golden altar of the Shining One.
  5185 | D:6      | Found a runed door.
  5241 | D:6      | Found a staircase to the Ecumenical Temple.
  5331 | D:6      | Found a burning altar of Makhleb.
  5481 | D:6      | Noticed junkhipster's ghost (amateur FoFi)
  5540 | D:6      | Reached skill level 8 in Spellcasting
  5556 | D:6      | Reached ** piety under Sif Muna
  5563 | D:6      | Found a white marble altar of Elyvilon.
  5697 | D:6      | Learned a level 4 spell: Iskenderun's Mystic Blast
  5814 | D:7      | Reached skill level 1 in Fighting
  6165 | D:7      | Reached skill level 10 in Conjurations
  6203 | D:7      | Found a hazy altar of Hepliaklqana.
  6463 | D:8      | Noticed Psyche
  6472 | D:8      | Noticed a two-headed ogre
  6477 | D:8      | Killed Psyche
  6482 | D:8      | Killed a two-headed ogre
  6482 | D:8      | Reached *** piety under Sif Muna
  6482 | D:8      | Reached skill level 9 in Spellcasting
  6482 | D:8      | Reached XP level 10. HP: 37/54 MP: 1/25
  6717 | D:8      | Noticed a two-headed ogre
  6728 | D:8      | Killed a two-headed ogre
  6774 | D:8      | Found a staircase to the Lair.
  6898 | D:8      | Got a pair of pitted gloves
  6909 | D:8      | Identified the +3 pair of gloves "Amaxaoq" {rPois rCorr MP+9 Str-2} (You found it on level 8 of the Dungeon)
  7256 | D:9      | Found an iron altar of Okawaru.
  7430 | D:9      | Found a sacrificial altar of Ru.
  7518 | D:9      | Reached **** piety under Sif Muna
  7573 | D:9      | Reached skill level 5 in Fire Magic
  7611 | D:9      | Noticed a two-headed ogre
  7625 | D:9      | Killed a two-headed ogre
  7625 | D:9      | Reached skill level 10 in Spellcasting
  7625 | D:9      | Reached skill level 5 in Invocations
  7641 | D:9      | Found a glowing golden altar of the Shining One.
  7737 | D:9      | Found a staircase to the Orcish Mines.
  7819 | D:9      | Found a sparkling altar of Nemelex Xobeh.
  7872 | D:9      | Found a shimmering altar of Xom.
  7875 | D:9      | Found an ornate altar of the Wu Jian Council.
  7937 | D:9      | Noticed a two-headed ogre
  7954 | D:9      | Killed a two-headed ogre
  7954 | D:9      | Reached XP level 11. HP: 61/61 MP: 16/27
  7964 | D:9      | Learned a level 4 spell: Summon Ice Beast
  7999 | D:9      | Learned a level 1 spell: Animate Skeleton
  8086 | D:9      | Found a runed gate.
  8086 | D:9      | Found a runed gate.
  8087 | D:9      | Found a runed gate.
  8089 | D:9      | Noticed Hebeh's ghost (novice DEFE)
  8105 | D:9      | Found the +2 hat of the Bear Spirit {Spirit, +Rage rN+ MR++}
  8187 | D:9      | Found a roughly hewn altar of Beogh.
  8214 | D:10     | Entered Level 10 of the Dungeon
  8214 | D:10     | Found Awkaf's Magic Scroll Boutique.
  8224 | D:10     | Bought a scroll of magic mapping for 45 gold pieces
  8224 | D:10     | Bought a scroll of identify for 26 gold pieces
  8224 | D:10     | Bought a scroll of identify for 26 gold pieces
  8306 | D:10     | Found Korim's Distillery.
  8322 | D:10     | Noticed Erica
  8333 | D:10     | Killed Erica
  8335 | D:10     | Noticed Joseph
  8351 | D:10     | Killed Joseph
  8351 | D:10     | Reached skill level 1 in Necromancy
  8351 | D:10     | Reached skill level 1 in Ice Magic
  8410 | D:10     | Found Aphad's Food Shop.
  8641 | D:10     | Reached skill level 1 in Shields
  8660 | D:10     | Noticed a two-headed ogre
  8673 | D:10     | Killed a two-headed ogre
  8921 | D:10     | Found Ihin's Gadget Shoppe.
  9019 | D:10     | Found Zietras's Antique Armour Shoppe.
  9126 | D:11     | Reached ***** piety under Sif Muna
  9155 | D:11     | Noticed an obsidian statue
  9155 | D:11     | Noticed an eight-headed hydra
  9163 | D:11     | Noticed a brown ugly thing
  9195 | D:11     | Killed an eight-headed hydra
  9242 | D:11     | Noticed a two-headed ogre
  9245 | D:11     | Noticed a brown ugly thing
  9257 | D:11     | Killed a two-headed ogre
  9257 | D:11     | Reached skill level 11 in Spellcasting
  9259 | D:11     | Killed a brown ugly thing
  9288 | D:11     | Killed an unseen horror
  9288 | D:11     | Identified Sif Muna's Tome of Enthralling Transmutation (Sif Muna gifted it to you on level 11 of the Dungeon)
  9288 | D:11     | Received a gift from Sif Muna
  9307 | D:11     | Noticed Grum
  9314 | D:11     | Killed Grum
  9327 | D:11     | Noticed a cyan ugly thing
  9327 | D:11     | Noticed Gastronok
  9339 | D:11     | Noticed a red ugly thing
  9354 | D:11     | Killed a red ugly thing
  9391 | D:11     | Killed a cyan ugly thing
  9391 | D:11     | Reached XP level 12. HP: 31/66 MP: 14/29
  9644 | Lair:1   | Entered Level 1 of the Lair of Beasts
 10028 | Lair:1   | Found a dark tunnel.
 10033 | Volcano  | Entered a volcano
 10223 | Volcano  | Found a radiant altar of Vehumet.
 10242 | Volcano  | Reached skill level 5 in Ice Magic
 10510 | Lair:1   | Identified a scroll of acquirement
 10631 | Lair:3   | Noticed a six-headed hydra
 10637 | Lair:3   | Killed a six-headed hydra
 10797 | Lair:2   | Reached skill level 12 in Spellcasting
 10831 | Lair:2   | Found a hole to the Spider Nest.
 11148 | Lair:2   | Learned a level 5 spell: Summon Forest
 11157 | Lair:3   | Reached skill level 1 in Summonings
 11299 | Lair:3   | Found a staircase to the Swamp.
 11407 | Lair:3   | Reached skill level 13 in Spellcasting
 11611 | Lair:3   | Found a runed gate.
 11613 | Lair:3   | Noticed Plog's ghost (journeyman MiBe)
 11614 | Lair:3   | Found a runed gate.
 11614 | Lair:3   | Found a runed gate.
 11615 | Lair:3   | Noticed a 13-headed hydra
 11615 | Lair:3   | Noticed a nine-headed hydra
 11638 | Lair:3   | Killed a 13-headed hydra
 11638 | Lair:3   | Reached XP level 13. HP: 70/70 MP: 19/32
 11641 | Lair:3   | Identified Tyosm's Volume of Ignition and Transformation (Sif Muna gifted it to you on level 3 of the Lair of Beasts)
 11641 | Lair:3   | Received a gift from Sif Muna
 11654 | Lair:3   | Killed Plog's ghost
 11654 | Lair:3   | Reached skill level 10 in Dodging
 11670 | Lair:3   | Learned a level 5 spell: Aura of Abjuration
 11676 | Lair:3   | Learned a level 5 spell: Summon Demon
 11990 | Lair:4   | Identified the cursed +1 bardiche "Jeuch" {chop, rPois rC+ Dex-5 Stlth+} (You found it on level 4 of the Lair of Beasts)
 12422 | Lair:6   | Entered Level 6 of the Lair of Beasts
 12424 | Lair:6   | Reached skill level 14 in Spellcasting
 12434 | Lair:6   | Noticed Josephine
 12678 | Lair:5   | Noticed Kirke
 12686 | Lair:5   | Killed Kirke
 12686 | Lair:5   | Reached skill level 1 in Evocations
 12732 | Lair:6   | Reached skill level 5 in Summonings
 13130 | D:9      | Killed Hebeh's ghost
 13158 | D:9      | Got a scorched long sword {flame}
 13159 | D:9      | Identified the cursed +1 long sword "Plog" {flame, rF- Str+3 Int+4 Stlth+} (You took it off an orc warrior on level 9 of the Dungeon)
 13300 | D:11     | Killed Gastronok
 13821 | D:12     | Noticed Urug
 13833 | D:12     | Killed Urug
 13902 | D:12     | Noticed Erolcha
 13936 | D:12     | Killed Erolcha
 14005 | D:12     | Found Cekkox's Gadget Boutique.
 14018 | D:12     | Noticed Sonja
 14026 | D:12     | Killed Sonja
 14031 | D:12     | Identified Sif Muna's Incunabulum of Earth
 14053 | D:12     | Noticed Fannar
 14070 | D:12     | Killed Fannar
 14107 | D:12     | Reached skill level 15 in Spellcasting
 14327 | D:13     | Reached skill level 5 in Evocations
 14328 | D:13     | Identified Sif Muna's Compendium of Damage Dealing (Sif Muna gifted it to you on level 13 of the Dungeon)
 14328 | D:13     | Received a gift from Sif Muna
 14465 | D:13     | Reached XP level 14. HP: 76/76 MP: 17/35
 15079 | D:14     | Reached skill level 5 in Necromancy
 15169 | D:14     | Found a blossoming altar of Fedhas.
 15458 | D:14     | Found a gate to the Vaults.
 15746 | D:15     | Entered Level 15 of the Dungeon
 15948 | D:15     | Noticed Rupert
 15973 | D:15     | Killed Rupert
 16134 | D:15     | Learned a level 7 spell: Orb of Destruction
 16639 | D:15     | Found a staircase to the Depths.
 16883 | Orc:1    | Entered Level 1 of the Orcish Mines
 16896 | Orc:1    | Found Nyffejipn's Jewellery Shop.
 16958 | Orc:1    | Found a roughly hewn altar of Beogh.
 17285 | Orc:2    | Entered Level 2 of the Orcish Mines
 17299 | Orc:2    | Received a gift from Sif Muna
 17376 | Orc:2    | Found a roughly hewn altar of Beogh.
 17404 | Orc:2    | Found a staircase to the Elven Halls.
 17419 | Orc:2    | Noticed Saint Roka
 17444 | Orc:2    | Noticed Azrael
 17606 | Orc:2    | Killed Saint Roka
 17799 | Orc:2    | Killed Azrael
 18273 | Orc:2    | Found Zerchi's Weapon Boutique.
 18273 | Orc:2    | Found Upnasmoi's Antique Weapon Boutique.
 18274 | Orc:2    | Found Begivaim's Magic Scroll Shop.
 18274 | Orc:2    | Found Fueki's Food Boutique.
 18517 | Lair:2   | Learned a level 6 spell: Shadow Creatures
 18563 | Swamp:1  | Entered Level 1 of the Swamp
 18596 | Swamp:1  | Noticed Frances
 18607 | Swamp:1  | Reached skill level 16 in Spellcasting
 18610 | Swamp:1  | Killed Frances
 19060 | Swamp:1  | Identified Sif Muna's Collected Works on Freezing Protection (Sif Muna gifted it to you on level 1 of the Swamp)
 19060 | Swamp:1  | Received a gift from Sif Muna
 19116 | Swamp:1  | Reached XP level 15. HP: 56/80 MP: 12/37
 19361 | Swamp:2  | Noticed Louise
 19373 | Swamp:2  | Noticed a thorn hunter
 19392 | Swamp:2  | Killed a thorn hunter
 19398 | Swamp:2  | Killed Louise
 19962 | Swamp:4  | Entered Level 4 of the Swamp
 19962 | Swamp:4  | Noticed a thorn hunter
 20653 | Swamp:4  | Reached skill level 5 in Fighting
 20702 | Swamp:4  | Killed a thorn hunter
 20702 | Swamp:4  | Reached skill level 17 in Spellcasting
 20934 | Swamp:4  | Noticed the 27-headed Lernaean hydra
 20959 | Swamp:4  | Killed the 27-headed Lernaean hydra
 21009 | Swamp:4  | Got a decaying rune of Zot
 21367 | Lair:6   | Received a gift from Sif Muna
 21401 | Lair:6   | Killed Josephine
 21544 | Lair:6   | Noticed Snorg
 21550 | Lair:6   | Killed Snorg
 21624 | Lair:6   | Learned a level 3 spell: Regeneration
 21663 | Lair:6   | Found a staircase to the Slime Pits.
 21833 | Lair:6   | Reached skill level 1 in Charms
 21958 | Lair:6   | Reached skill level 10 in Summonings
 22179 | Lair:2   | Identified the Grimoire of Malediction and Attacks (You acquired it on level 2 of the Lair of Beasts)
 22191 | Lair:2   | Learned a level 5 spell: Borgnjor's Vile Clutch
 22200 | Lair:2   | Learned a level 6 spell: Bolt of Fire
 22223 | Spider:1 | Entered Level 1 of the Spider Nest
 22329 | Spider:1 | Reached skill level 1 in Earth Magic
 22511 | Spider:2 | Reached XP level 16. HP: 88/88 MP: 29/39
 23106 | Spider:2 | Reached skill level 18 in Spellcasting
 23213 | Spider:2 | Noticed Asterion
 23226 | Spider:2 | Killed Asterion
 23267 | Spider:2 | Reached skill level 10 in Evocations
 23446 | Spider:2 | Noticed Arachne
 23474 | Spider:2 | Killed Arachne
 23474 | Spider:2 | Identified Sif Muna's Grimoire of Warped Conjuration (Sif Muna gifted it to you on level 2 of the Spider Nest)
 23474 | Spider:2 | Received a gift from Sif Muna
 23992 | Spider:4 | Entered Level 4 of the Spider Nest
 24629 | Spider:4 | Reached skill level 5 in Charms
 25034 | Spider:4 | Noticed Nikola
 25046 | Spider:4 | Noticed Donald
 25049 | Spider:4 | Killed Nikola
 25097 | Spider:4 | Killed Donald
 25116 | Spider:4 | Upgraded the game from 0.22-a0-608-g8a62e23 to 0.22-a0-609-gfedc9ff
 25347 | Spider:4 | Noticed Mara
 25355 | Spider:4 | Noticed Torious's illusion
 25386 | Spider:4 | Killed Mara
 25779 | Spider:4 | Identified Sif Muna's Reference Book on the Escort (Sif Muna gifted it to you on level 4 of the Spider Nest)
 25779 | Spider:4 | Received a gift from Sif Muna
 25961 | Spider:4 | Got a gossamer rune of Zot
 26071 | Spider:4 | Learned a level 7 spell: Monstrous Menagerie
 26302 | Orc:1    | Bought the ring "Zyezedup" {rF+ Int+7} for 793 gold pieces
 26335 | Elf:1    | Entered Level 1 of the Elven Halls
 26377 | Elf:1    | Found Urphio's Book Emporium.
 26385 | Elf:1    | Bought a book of Death for 980 gold pieces
 26388 | Elf:1    | Learned a level 2 spell: Sublimation of Blood
 26394 | Elf:1    | Found Wiomp's General Store.
 26528 | Elf:1    | Upgraded the game from 0.22-a0-609-gfedc9ff to 0.22-a0-612-gd2f0174
 26576 | Elf:1    | Found Juasez's Magic Scroll Boutique.
 26731 | Elf:1    | Found Maall's Antique Weapon Boutique.
 26810 | Elf:1    | Found Diment Zoigi's Weapon Emporium.
 27073 | Elf:2    | Found a huge runed gate.
 27073 | Elf:2    | Found a huge runed gate.
 27073 | Elf:2    | Found a huge runed gate.
 27073 | Elf:2    | Found a huge runed gate.
 27076 | Elf:2    | Found a huge runed gate.
 27146 | Elf:2    | Reached XP level 17. HP: 75/96 MP: 22/41
 27335 | Elf:2    | Annihilated by a lajatang of holy wrath

Vault maps used:
D:1:      minmay_arrival_split_and_join, serial_forest,
          infiniplex_forest_zigzag_1, infiniplex_forest_end_2,
          infiniplex_forest_end_2, infiniplex_forest_lined_room_2
D:2:      lemuel_zombie_altar_kikubaaqudgha, marbit_many_paths,
          minmay_door_square
D:3:      cheibrodos_pilgrimage, lemuel_crystal_altar, first_ration,
          tgw_kikubaaqudgha
D:4:      hangedman_decor_clover_reticule, uniq_duvessa
D:5:      chequers_temple_overflow_statue_of_worship, gup_sewer_entry_spiral,
          grunt_ministairs_13, uniq_edmund, uniq_menkaure, uniq_sigmund
D:6:      elyvilon_altar_5, lemuel_doored_altar,
          minmay_temple_entry_statues_fountains, ebering_ghost_sewer_d
D:7:      lemuel_crystal_altar, basic_altar
D:8:      erik_lair_orcish_takeover, the_bakery, uniq_psyche
D:9:      nemelex_xobeh_ov_fountains_minmay, kennysheep_mini_moat,
          nicolae_tso_swordbearing_angel, lemuel_crystal_altar,
          okawaru_metal_pillars_3, biasface_ghost_orc_armoury,
          nicolae_ru_sacrificial_ziggurat
D:10:     serial_shops, shop, nicolae_shop_waterfront,
          nicolae_shop_overgrown_old_shop, shop, nicolae_shop_trees,
          uniq_joseph, uniq_erica
D:11:     cheibrodos_barr_body, minmay_statue_bubble, uniq_grum, uniq_gastronok
D:12:     serial_shops, nicolae_shop_behind_doors, minmay_sticks_and_stones,
          uniq_urug, uniq_fannar, uniq_erolcha, uniq_sonja
D:14:     david_vaults_4, fedhas_altar_1
D:15:     grunt_enter_depths_magical_seal, minmay_misc_feat_alley,
          serial_bayou_lake_a, uniq_rupert
Lair:1:   nicolae_volcano_entry_s_turn, minivault_19, st_stairs_13,
          serial_bayou_shore_b, grunt_megastairs_3
Lair:2:   nicolae_spider_entry_tight_spaces
Lair:3:   swamp_mist_pool, gammafunk_ghost_hydra_chop, patterned_corridor
Lair:5:   serial_bayou_crossing, lemuel_fruit_fields, uniq_kirke
Lair:6:   guppyfry_lair_end_dragon, hangedman_lair_caniforms_friends,
          minmay_slime_entry_jelly_boxes, nicolae_quartered_pool_little,
          lemuel_fruit_fields, uniq_snorg, uniq_josephine
Swamp:1:  serial_swamp_ruin, hangedman_swamp_ruin_hall,
          hangedman_swamp_ruin_wall, infiniplex_staircase_pool_2, uniq_frances
Swamp:2:  evilmike_swamp_ruin_house_5, infiniplex_staircase_pool, uniq_louise
Swamp:3:  evilmike_swamp_ruin_house_4, swamp_pool4
Swamp:4:  grunt_swamp_rune_castle
Spider:2: einodemon_crawler_minivault, uniq_arachne, uniq_asterion
Spider:4: grunt_spider_rune_island, guppyfry_spider_mini_2, uniq_mara,
          uniq_donald, uniq_nikola
Orc:1:    serial_shops, nicolae_shop_stone, mines1_david
Orc:2:    st_orc_pillars, basic_altar, uniq_azrael, uniq_saint_roka
Elf:1:    serial_shops, shop_statue, shop_statue, shop_statue,
          nicolae_shop_waterfront, shop, evilmike_minifort
Elf:2:    basic_altar
Sewer:    sewer_co_cracked_pipes
Volcano:  volcano_grotto

Skill      XL: |  1  2  3  4  5  6  7  8  9 10 11 12 13 14 15 16 |
---------------+-------------------------------------------------+-----
Conjurations   | 5 6 7 9 10 12 13 14 | 14.2
Spellcasting   | 4 5 6 7 9 10 11 13 15 16 17 18 | 18.0
Translocations | 1 2 4 |  4.0
Stealth        | 3 4 5 6 |  6.1
Dodging        | 3 4 5 6 8 9 10 11 | 11.0
Fire Magic     | 1 3 5 6 8 9 |  9.5
Invocations    | 1 3 5 6 |  6.1
Fighting       | 2 4 6 7 |  7.6
Necromancy     | 4 6 8 |  8.8
Ice Magic      | 3 5 |  5.0
Shields        | 2 4 |  4.0
Summonings     | 2 6 8 10 | 10.7
Evocations     | 5 7 9 11 | 11.2
Charms         | 2 7 |  7.2
Earth Magic    | 1 4 |  4.0

Action                   |  1- 3 |  4- 6 |  7- 9 | 10-12 | 13-15 | 16-18 || total
-------------------------+-------+-------+-------+-------+-------+-------++-------
Melee: Short sword       |     1 |     2 |     5 |    10 |     9 |       ||    27
 Cast: Magic Dart        |    53 |    64 |    90 |    45 |     9 |       ||   261
       Searing Ray       |     5 |    21 |    51 |    40 |    13 |       ||   130
       Force Lance       |       |     1 |     1 |    89 |   181 |    36 ||   308
       Fulminant Prism   |       |       |    25 |   127 |    17 |       ||   169
       Mephitic Cloud    |       |       |     4 |     1 |       |       ||     5
       Conjure Flame     |       |       |     1 |     1 |     3 |       ||     5
       Iskenderun's Myst |       |       |       |    31 |    22 |       ||    53
       Summon Ice Beast  |       |       |       |     4 |       |       ||     4
       Blink             |       |       |       |     6 |    33 |    13 ||    52
       Summon Demon      |       |       |       |       |   210 |   122 ||   332
       Summon Forest     |       |       |       |       |    75 |    13 ||    88
       Aura of Abjuratio |       |       |       |       |    19 |    12 ||    31
       Shadow Creatures  |       |       |       |       |    99 |   144 ||   243
       Regeneration      |       |       |       |       |     3 |    45 ||    48
       Borgnjor's Vile C |       |       |       |       |     2 |     3 ||     5
       Orb of Destructio |       |       |       |       |     1 |     2 ||     3
       Monstrous Menager |       |       |       |       |       |    30 ||    30
       Sublimation of Bl |       |       |       |       |       |    17 ||    17
       Bolt of Fire      |       |       |       |       |       |     2 ||     2
Invok: Divine Energy     |       |       |     4 |    11 |    28 |     5 ||    48
       Stop Divine Energ |       |       |     3 |    11 |    29 |     5 ||    48
       Channel Magic     |       |       |       |     7 |    10 |     9 ||    26
Evoke: Wand              |       |       |       |     2 |     1 |     2 ||     5
       Staff of energy   |       |       |       |       |    53 |   227 ||   280
  Use: Potion            |       |     5 |       |     1 |     2 |     4 ||    12
       Scroll            |       |     4 |     6 |    18 |    25 |     6 ||    59
 Stab: Sleeping          |     1 |     1 |     1 |       |     1 |       ||     4
  Eat: Chunk             |     2 |    13 |    19 |    17 |    38 |    32 ||   121
       Ration            |       |       |       |       |     1 |     2 ||     3
Armor: Robe              |     3 |     4 |    15 |    51 |    53 |    36 ||   162
Dodge: Dodged            |    11 |    29 |    53 |   209 |   292 |   195 ||   789
       Deflected         |     2 |     2 |     9 |    12 |    19 |    10 ||    54
Block: Buckler           |       |       |       |    22 |   156 |   100 ||   278
       Reflection        |       |       |       |       |    15 |     4 ||    19

Table legend:
 A = Spawn XP
 B = Non-spawn XP
 C = Spawn XP percentage of total XP
 D = Spawn monster count
 E = Non-spawn monster count
 F = Spawn count percentage of total count
 G = Total turns spent on level
                    A         B        C        D         E        F      G
               +---------+---------+-------+---------+---------+-------+---------
         Total |       0 |  220950 |   0.0 |       0 |    1221 |   0.0 | 27335
               +---------+---------+-------+---------+---------+-------+---------
           D:1 |       0 |       5 |   0.0 |       0 |       4 |   0.0 |   668
           D:2 |       0 |      70 |   0.0 |       0 |      24 |   0.0 |   745
           D:3 |       0 |     244 |   0.0 |       0 |      37 |   0.0 |  1179
           D:4 |       0 |     708 |   0.0 |       0 |      22 |   0.0 |  1139
           D:5 |       0 |    1451 |   0.0 |       0 |      30 |   0.0 |   973
           D:6 |       0 |     801 |   0.0 |       0 |      29 |   0.0 |   717
           D:7 |       0 |    1029 |   0.0 |       0 |      18 |   0.0 |   754
           D:8 |       0 |    4054 |   0.0 |       0 |      38 |   0.0 |   902
           D:9 |       0 |    4233 |   0.0 |       0 |      34 |   0.0 |  1203
          D:10 |       0 |    3736 |   0.0 |       0 |      33 |   0.0 |   952
          D:11 |       0 |   11754 |   0.0 |       0 |      54 |   0.0 |  1115
          D:12 |       0 |    3980 |   0.0 |       0 |      19 |   0.0 |   411
          D:13 |       0 |    5804 |   0.0 |       0 |      40 |   0.0 |   872
          D:14 |       0 |    5000 |   0.0 |       0 |      19 |   0.0 |   691
          D:15 |       0 |    8821 |   0.0 |       0 |      27 |   0.0 |   996
        Lair:1 |       0 |    1704 |   0.0 |       0 |      11 |   0.0 |   781
        Lair:2 |       0 |    2529 |   0.0 |       0 |      13 |   0.0 |   797
        Lair:3 |       0 |    9012 |   0.0 |       0 |      45 |   0.0 |   731
        Lair:4 |       0 |    4775 |   0.0 |       0 |      20 |   0.0 |   651
        Lair:5 |       0 |    3520 |   0.0 |       0 |      11 |   0.0 |   391
        Lair:6 |       0 |   17864 |   0.0 |       0 |     126 |   0.0 |  1003
       Swamp:1 |       0 |    9902 |   0.0 |       0 |      41 |   0.0 |   747
       Swamp:2 |       0 |    7171 |   0.0 |       0 |      28 |   0.0 |   597
       Swamp:3 |       0 |    6473 |   0.0 |       0 |      34 |   0.0 |   625
       Swamp:4 |       0 |   17988 |   0.0 |       0 |      59 |   0.0 |   627
      Spider:1 |       0 |    5883 |   0.0 |       0 |      25 |   0.0 |   759
      Spider:2 |       0 |    8385 |   0.0 |       0 |      28 |   0.0 |   833
      Spider:3 |       0 |   11324 |   0.0 |       0 |      61 |   0.0 |   877
      Spider:4 |       0 |   31045 |   0.0 |       0 |      93 |   0.0 |  1454
         Orc:1 |       0 |    1756 |   0.0 |       0 |      27 |   0.0 |   510
         Orc:2 |       0 |   11175 |   0.0 |       0 |     102 |   0.0 |  1059
         Elf:1 |       0 |    4185 |   0.0 |       0 |      11 |   0.0 |   593
         Elf:2 |       0 |   10547 |   0.0 |       0 |      27 |   0.0 |   407
         Sewer |       0 |      52 |   0.0 |       0 |      14 |   0.0 |   275
       Volcano |       0 |    3970 |   0.0 |       0 |      17 |   0.0 |   301
               +---------+---------+-------+---------+---------+-------+---------
